 Dungeon Crawl Stone Soup version 0.22-a0-525-gf69a080 (webtiles) character file.

623042 iamserjio the Slayer (level 27, -12/316 HPs)
             Began as an Octopode Earth Elementalist on June 20, 2018.
             Was the Champion of Kikubaaqudgha.
             Killed from afar by a purple draconian monk (24 damage)
             ... with a bolt of dispelling energy
             ... on level 2 of the Realm of Zot on June 21, 2018.
             The game lasted 07:10:48 (98578 turns).

iamserjio the Slayer (Octopode Earth Elementalist) Turns: 98578, Time: 07:10:49

Health: -12/316    AC: 35    Str: 11    XL:     27
Magic:  14/42      EV:  2    Int: 26    God:    Kikubaaqudgha [******]
Gold:   2924       SH: 25    Dex: 25    Spells: 1/56 levels left

rFire    + + +     SeeInvis +   V - +9 eveningstar (freeze)
rCold    . . .     Gourm    .   S - +5 shield
rNeg     + + +     Faith    .   (helmet currently unavailable)
rPois    +         Spirit   .   x - +6 amulet of reflection
rElec    +         Reflect  +   F - ring of protection from magic
rCorr    .         Harm     .   I - ring of wizardry
MR       +++..     NoTele   +   o - +3 ring of slaying
Stlth    ++++++....             M - ring of protection from fire
HPRegen  0.62/turn              Y - ring of Amagh {rElec rPois AC+2 SInv}
MPRegen  0.28/turn              w - ring of Etukaem {rPois Dex+5}
                                K - ring "Jaaxtar" {rF++ Str-3 Int+2}
                                t - ring of Foll {*Drain rN+ Dex+6 Slay+4 SInv}

@: tree-form (expiring), studying Spellcasting
A: almost no armour, stealthy swim, (amphibious), 8 rings, (constrict 8), strong
1, no potion heal 1
}: 4/15 runes: decaying, serpentine, slimy, silver
a: Receive Corpses, Torment, Brand Weapon With Pain, Receive Necronomicon,
Renounce Religion


You were on level 2 of the Realm of Zot.
You worshipped Kikubaaqudgha.
Kikubaaqudgha was exalted by your worship.
You were not hungry.
You were a tree.
You visited 12 branches of the dungeon, and saw 55 of its levels.
You also visited: Ossuary and Ice Cave.

You collected 6919 gold pieces.
You spent 3995 gold pieces at shops.

Inventory:

Hand Weapons
 D - the +6 morningstar of Bloody Death {freeze, MR+ Str+3 Int+2}
   (You found it on level 5 of the Vaults)

   It has been specially enchanted to freeze those struck by it, causing extra
   injury to most foes and up to half again as much damage against particularly
   susceptible opponents.
   It can also slow down cold-blooded creatures.
   It affects your strength (+3).
   It affects your intelligence (+2).
   It affects your resistance to hostile enchantments.
 V - a +9 eveningstar of freezing (weapon)
Armour
 S - a +5 shield (worn)
 W - the +2 hat of the Bear Spirit {Spirit, +Rage rN+ MR++}
   (You found it on level 5 of the Vaults)

   It protects you from negative energy.
   It affects your resistance to hostile enchantments.
   It lets you go berserk.
 X - a +2 hat (melded)
Jewellery
 a - an uncursed ring of resist corrosion
 m - the ring "Jyne" {+Blink AC+1 Str+6}
   (You acquired it on level 3 of the Swamp)

   [ring of protection]

   It affects your AC (+1).
   It affects your strength (+6).
   It lets you blink.
 o - a +3 ring of slaying (on tentacle)
 q - the ring "Xeuginge" {rC+ SInv}
   (You acquired it on level 5 of the Pits of Slime)

   [ring of protection from cold]

   It protects you from cold.
   It lets you see invisible.
 t - the ring of Foll (on tentacle) {*Drain rN+ Dex+6 Slay+4 SInv}
   (You found it on level 5 of the Pits of Slime)

   [ring of slaying]

   It affects your dexterity (+6).
   It affects your accuracy and damage with ranged weapons and melee attacks
   (+4).
   It protects you from negative energy.
   It lets you see invisible.
   It causes draining when unequipped.
 w - the ring of Etukaem (on tentacle) {rPois Dex+5}
   (You found it on level 13 of the Dungeon)

   [ring of poison resistance]

   It affects your dexterity (+5).
   It protects you from poison.
 x - a +6 amulet of reflection (around neck)
 F - a ring of protection from magic (left branch)
 I - a ring of wizardry (right branch)
 K - the ring "Jaaxtar" (on tentacle) {rF++ Str-3 Int+2}
   (You took it off a deep elf annihilator on level 5 of the Vaults)

   [ring of intelligence]

   It affects your strength (-3).
   It affects your intelligence (+2).
   It greatly protects you from fire.
 M - a ring of protection from fire (on tentacle)
 R - an uncursed ring of magical power
 T - the ring "Sunir" {Dex+4 SInv}
   (You found it on level 5 of the Pits of Slime)

   [ring of see invisible]

   It affects your dexterity (+4).
   It lets you see invisible.
 Y - the ring of Amagh (on tentacle) {rElec rPois AC+2 SInv}
   (You took it off a purple draconian on level 1 of the Realm of Zot)

   [ring of protection]

   It affects your AC (+2).
   It insulates you from electricity.
   It protects you from poison.
   It lets you see invisible.
Wands
 z - a wand of acid (19)
 J - a wand of clouds (13)
 P - a wand of digging (20)
 Q - a wand of iceblast (17)
Scrolls
 b - 2 scrolls of amnesia
 f - 23 scrolls of remove curse {@r2}
 i - a scroll of summoning
 l - 17 scrolls of teleportation
 y - 4 scrolls of magic mapping
 A - 5 scrolls of fear
 B - a scroll of holy word
 L - 8 scrolls of fog
 N - a scroll of identify {@r1}
 U - 7 scrolls of immolation
Potions
 e - 2 potions of invisibility
 h - 4 potions of agility
 j - 8 potions of might
 p - 8 potions of curing {@q1}
 r - 6 potions of haste
 s - 7 potions of mutation
 u - 6 potions of brilliance
 v - 5 potions of resistance
 E - 8 potions of cancellation
 G - 9 potions of magic
 H - 9 potions of lignification
Books
 d - a manual of Spellcasting
Miscellaneous
 g - 4 phantom mirrors
 k - a fan of gales
 n - a phial of floods
 O - a lamp of fire
 Z - 4 boxes of beasts
Comestibles
 c - 35 rations


   Skills:
 * Level 23.2 Fighting
 - Level 16.0 Maces & Flails
 - Level 20.0 Dodging
 - Level 12.0 Stealth
 - Level 16.0 Shields
 - Level 15.0 Spellcasting
 - Level 6.0 Summonings
 - Level 18.0 Necromancy
 - Level 2.0 Translocations
 - Level 5.0 Transmutations
 - Level 14.0 Earth Magic
 - Level 1.1 Evocations


You had one spell level left.
You knew the following spells:

 Your Spells              Type           Power        Failure   Level  Hunger
a - Summon Forest         Summ/Tloc      #####.....   6%          5    #......
b - Stone Arrow           Conj/Erth      ######       1%          3    None
c - Passwall              Tmut/Erth      ######..     1%          2    None
d - Apportation           Tloc           ####..       1%          1    None
e - Haunt                 Necr/Summ      ######....   7%          7    ######.
f - Borgnjor's Vile Clut  Necr/Erth      #######...   1%          5    #......
g - Sublimation of Blood  Necr           #######...   0%          2    None
h - Animate Dead          Necr           N/A          0%          4    None
i - Blink                 Tloc           N/A          1%          2    None
j - Swiftness             Chrm/Air       ###.....     1%          2    None
k - Dispel Undead         Necr           #######.     1%          5    #......
l - Summon Butterflies    Summ           ######..     1%          1    None
m - Infestation           Necr           #######...   4%          8    #######
n - Borgnjor's Revivific  Necr           #######...   4%          8    #######

Your spell library contained the following spells:

 Spells                   Type           Power        Failure   Level  Hunger
 Cause Fear               Hex            ###.......   11%         4    None
 Magic Dart               Conj           ###.         1%          1    None
 Bolt of Cold             Conj/Ice       ###.......   82%         6    ####...
 Bolt of Magma            Conj/Fire/Erth #####.....   4%          5    #......
 Slow                     Hex            ###.....     1%          2    None
 Confuse                  Hex            ###.....     3%          3    None
 Invisibility             Hex            ###.....     82%         6    ####...
 Throw Frost              Conj/Ice       ###...       1%          2    None
 Freezing Cloud           Conj/Ice/Air   ###.......   82%         6    ####...
 Mephitic Cloud           Conj/Pois/Air  ###.....     3%          3    None
 Venom Bolt               Conj/Pois      ###.......   28%         5    #......
 Teleport Other           Tloc           ####....     1%          3    None
 Death's Door             Chrm/Necr      ######....   85%         8    #######
 Summon Small Mammal      Summ           ####         1%          1    None
 Iskenderun's Mystic Bla  Conj           ###.....     11%         4    None
 Summon Horrible Things   Summ           ######....   99%         8    #######
 Pain                     Necr           ####         0%          1    None
 Animate Skeleton         Necr           N/A          0%          1    None
 Vampiric Draining        Necr           #######...   0%          3    None
 Freeze                   Ice            ###.         1%          1    None
 Ozocubu's Refrigeration  Ice            ###.......   82%         6    ####...
 Summon Ice Beast         Ice/Summ       #####...     3%          4    None
 Ozocubu's Armour         Chrm/Ice       ###.....     3%          3    None
 Call Imp                 Summ           ######..     1%          2    None
 Tukima's Dance           Hex            ###.....     3%          3    None
 Summon Demon             Summ           ######....   2%          5    #......
 Summon Greater Demon     Summ           ######....   58%         7    ######.
 Corpse Rot               Necr           N/A          0%          2    None
 Iron Shot                Conj/Erth      ######....   10%         6    ####...
 Agony                    Necr           #######.     1%          5    #......
 Spider Form              Tmut/Pois      ####......   1%          3    None
 Blade Hands              Tmut           #####.....   4%          5    #......
 Ice Form                 Ice/Tmut       ####....     4%          4    None
 Necromutation            Tmut/Necr      ######....   52%         8    #######
 Throw Icicle             Conj/Ice       ###.....     11%         4    None
 Confusing Touch          Hex            ###...       1%          1    None
 Sticks to Snakes         Tmut           #####...     1%          2    None
 Call Canine Familiar     Summ           ######..     1%          3    None
 Ensorcelled Hibernation  Hex/Ice        ###...       1%          2    None
 Metabolic Englaciation   Hex/Ice        ###.......   28%         5    #......
 Corona                   Hex            ###....      1%          1    None
 Alistair's Intoxication  Tmut/Pois      ####....     11%         5    #......
 Lee's Rapid Deconstruct  Erth           #######...   1%          5    #......
 Sandblast                Erth           ######       0%          1    None
 Simulacrum               Ice/Necr       ######....   4%          6    ####...
 Excruciating Wounds      Chrm/Necr      ######....   1%          5    #......
 Portal Projectile        Hex/Tloc       ###...       2%          3    None
 Monstrous Menagerie      Summ           ######....   58%         7    ######.
 Petrify                  Tmut/Erth      ######..     1%          4    None
 Passage of Golubria      Tloc           N/A          4%          4    None
 Orb of Destruction       Conj           ###.......   100%        7    ######.
 Malign Gateway           Summ/Tloc      #####.....   85%         7    ######.
 Tornado                  Air            ###.......   100%        9    #######
 Leda's Liquefaction      Hex/Erth       ######....   1%          4    None
 Summon Hydra             Summ           ######....   58%         7    ######.
 Darkness                 Hex            ###.......   82%         6    ####...
 Shroud of Golubria       Chrm/Tloc      ###.......   1%          2    None
 Inner Flame              Hex/Fire       ###.....     3%          3    None
 Beastly Appendage        Tmut           #####.       1%          1    None
 Iskenderun's Battlesphe  Conj/Chrm      ###.....     28%         5    #......
 Fulminant Prism          Conj/Hex       ###.......   11%         4    None
 Dazzling Spray           Conj/Hex       ###...       3%          3    None
 Force Lance              Conj/Tloc      ###.....     8%          4    None
 Searing Ray              Conj           ###...       1%          2    None
 Summon Lightning Spire   Summ/Air       #####...     3%          4    None
 Summon Guardian Golem    Hex/Summ       #####...     1%          3    None
 Spellforged Servitor     Conj/Summ      #####.....   92%         7    ######.
 Summon Mana Viper        Hex/Summ       #####...     9%          5    #......
 Gell's Gravitas          Tloc           ####......   1%          3    None
 Yara's Violent Unravell  Hex/Tmut       ####......   11%         5    #......
 Lesser Beckoning         Tloc           ####......   1%          3    None


Dungeon Overview and Level Annotations

Branches:
Dungeon (15/15)            Temple (1/1) D:4            Lair (6/6) D:8
  Swamp (4/4) Lair:4        Snake (4/4) Lair:4        Slime (5/5) Lair:5
    Orc (2/2) D:10            Elf (3/3) Orc:2        Vaults (5/5) D:14
  Crypt (3/3) Vaults:3       Tomb (0/3) Crypt:3      Depths (5/5) D:15
    Zot (2/5) Depths:5

Altars:
Ashenzari
Cheibriados
Dithmenos
Elyvilon
Fedhas
Gozag
Hepliaklqana
Kikubaaqudgha
Nemelex Xobeh
Okawaru
Qazlal
Ru
Sif Muna
Trog
Uskayaw
Vehumet
Wu Jian
Xom
Yredelemnul
Zin
The Shining One
Beogh
Jiyva

Shops:
D:4 !}!   D:9 =   Orc:1 *   Orc:2 !(}   Snake:4 =}=   Vaults:2 [   Vaults:3 %
Depths:3 *=

Portals:
Hell: Depths:1 Depths:2 Depths:3 Depths:4 Depths:5
Abyss: Depths:1 Depths:4
Pandemonium: Depths:1 Depths:3 Depths:4
Ziggurat: Depths:3

Annotations:
Vaults:1 1 exclusion
Depths:2 2 exclusions
Depths:3 1 exclusion
Depths:4 1 exclusion
Depths:5 1 exclusion
Zot:2 1 exclusion


Innate Abilities, Weirdness & Mutations

You cannot wear most types of armour.
You are very stealthy in the water. (Stealth+)
((You are amphibious.))
You can wear up to eight rings at the same time.
((You can use your tentacles to constrict eight enemies at once.))
((Your skin changes colour to match your surroundings (Stealth+).))
((Your rubbery body absorbs attacks. (AC +1, EV +1)))
((You are partially covered in molten scales. (AC +2)))
Your muscles are strong. (Str +2)
Potions are less effective at restoring your health.


Message History

You feel much better.
The zombie hands constrict the tentacled monstrosity!
You block the tentacled monstrosity's attack.
The tentacled monstrosity tentacle-slaps you.
* * * LOW HITPOINT WARNING * * *
The tentacled monstrosity tentacle-slaps you but does no damage.
* * * LOW HITPOINT WARNING * * *
The tentacled monstrosity constricts you!
You thump the tentacled monstrosity! You freeze the tentacled monstrosity.
The tentacled monstrosity is almost dead.
The zombie hands constrict the tentacled monstrosity!
You kill the tentacled monstrosity!
Kikubaaqudgha accepts your kill.
You closely miss the purple draconian monk.
The purple draconian monk is lightly wounded.
The purple draconian monk breathes dispelling energy at you.
The bolt of dispelling energy hits you!
Your magical effects are unravelling.
You die...
Kikubaaqudgha rasps: "You have failed me!
Welcome... death!"

#.. #..######..# #.s
#..........#
#kl######..........#
#kkqs......######..#
#..q.$.....# #..#
#..##d###..# #..#
#.. ##.##%%# #..#
#s. #q#.#%.# #..#
#d.#.#♣#..%# #..#
D...###.#%%# #..#
d...# #..[# #..#
....# #.%.# #..#
...# ##))## #..# ..#
##..).# #..# ##
##...##.# #%.#
##$$.## ## #..#
#.....## ##..#


You could see a purple draconian monk.

Vanquished Creatures
  the Royal Jelly (Slime:5)
  3 ancient liches (Vaults:5)
  Khufu (Vaults:3)
  Mara (Depths:1)
  A juggernaut (Depths:2)
  4 greater mummies
  Boris (Crypt:3)
  Vashnia (Snake:3)
  Bai Suzhen (Swamp:4)
  Saint Roka (Snake:3)
  6 golden dragons
  A profane servitor (Crypt:3)
  Nikola (Swamp:4)
  An electric golem (Zot:1)
  Jorgrun (Swamp:3)
  An Ice Fiend (Depths:4)
  2 liches
  4 tentacled monstrosities
  A shard shrike skeleton (Crypt:3)
  2 deep elf blademasters
  3 titans
  21 acid blobs
  3 deep elf master archers (Elf:3)
  2 quicksilver dragons (Zot:1)
  Frances (D:13)
  Asterion (Depths:3)
  3 death cobs
  4 ancient champions (Crypt:3)
  3 sphinxes
  Gastronok (D:11)
  2 thorn hunters
  6 shadow dragons
  6 tengu reavers
  3 storm dragons
  6 nagarajas
  7 fire giants
  3 revenants
  13 azure jellies
  4 draconian scorchers
  4 frost giants
  A draconian knight (Depths:5)
  2 iron dragons
  6 deep elf sorcerers
  Louise (Depths:4)
  2 draconian shifters
  11 vault wardens
  2 ghouls
  12 ironheart preservers
  2 draconian annihilators (Zot:1)
  A curse skull (Crypt:3)
  7 deep elf elementalists
  10 very ugly things
  2 war gargoyles (Vaults:5)
  16 stone giants
  2 entropy weavers (Vaults:4)
  A black draconian (Zot:2)
  3 green draconians
  9 vampire knights
  8 deep elf demonologists
  4 yellow draconians
  7 deep elf annihilators
  2 white draconians
  6 purple draconians
  3 red draconians
  A spark wasp (shapeshifter) (Depths:5)
  5 death oozes (Slime:5)
  7 ettins
  9 jiangshi
  9 deep elf death magi
  3 eidola
  Josephine (D:11)
  3 fire dragons
  10 yaktaur captains
  6 deep elf high priests
  A quicksilver dragon skeleton (Crypt:3)
  10 great orbs of eyes
  Erolcha (Orc:1)
  14 naga warriors
  A hell beast (Depths:2)
  4 ice dragons
  4 rakshasas
  A servant of whispers (Elf:1)
  23 vault guards
  17 hydras
  Erica (Lair:2)
  3 spriggan air magi
  5 centaur warriors
  2 ghost crabs
  A catoblepas (D:14)
  13 alligators
  6 anacondas
  17 two-headed ogres
  3 death knights
  5 ogre magi
  25 dancing weapons
  3 tengu warriors
  5 deep troll shamans
  5 death yaks
  15 naga sharpshooters
  8 vampire magi
  6 deep troll earth magi
  3 orc high priests (Orc:2)
  A small abomination (Elf:3)
  A sun demon (Depths:2)
  Urug (D:11)
  4 shock serpents
  Nergalle (D:10)
  A soul eater (Crypt:3)
  24 deep elf knights
  Sonja (D:11)
  An iron troll (Depths:2)
  3 shadow wraiths
  8 hell knights
  A death drake (shapeshifter) (Vaults:5)
  3 salamander mystics (Snake:3)
  2 ghost moth zombies (Crypt:1)
  4 flayed ghosts
  An unseen horror (shapeshifter) (D:14)
  2 spriggan druids
  10 naga ritualists
  A glowing orange brain (Depths:1)
  11 skeletal warriors
  17 deep trolls
  2 unseen horrors
  5 wizards
  7 swamp dragons
  2 shambling mangroves
  A lindwurm (shapeshifter) (Depths:2)
  6 harpies
  6 ironbrand convokers
  7 necromancers
  An orb spider (shapeshifter) (D:13)
  5 lindwurms
  16 deep elf archers
  8 phantasmal warriors
  58 deep elf magi
  An obsidian statue (Vaults:4)
  7 orc sorcerers
  9 mana vipers
  8 orc knights
  A faun (shapeshifter) (Vaults:5)
  A wolf spider (Vaults:1)
  A shadow dragon skeleton (Depths:2)
  A cyclops (shapeshifter) (Elf:2)
  21 ugly things
  3 oklob plants
  3 cyclopes
  15 elephants
  A fire giant zombie (Depths:2)
  6 manticores
  Maurice (Orc:1)
  9 salamanders
  A black mamba (shapeshifter) (Vaults:5)
  6 moths of wrath
  3 ice statues
  A guardian serpent (shapeshifter) (Vaults:4)
  4 guardian serpents
  34 black mambas
  22 naga magi
  An eye of devastation (Slime:5)
  A torpor snail (Lair:6)
  23 spiny frogs
  4 vault sentinels
  A spiny frog (shapeshifter) (Vaults:2)
  6 rime drakes
  A death yak zombie (Crypt:2)
  4 freezing wraiths
  26 yaktaurs
  A grey draconian zombie (Crypt:1)
  4 komodo dragons
  A sea snake zombie (Crypt:2)
  2 ice devils (Depths:4)
  A red devil (Depths:1)
  A black draconian skeleton (Crypt:3)
  A tengu conjurer (D:15)
  A jumping spider (Vaults:5)
  A jumping spider (shapeshifter) (Elf:1)
  16 polar bears
  2 saltlings (Elf:1)
  Grinder (D:5)
  A death yak skeleton (Crypt:2)
  4 trolls
  8 tyrant leeches
  14 hornets
  2 tengu simulacra
  Prince Ribbit (D:5)
  45 slime creatures
  9 blink frogs
  A dream sheep (Lair:6)
  16 bog bodies
  A harpy skeleton (Crypt:3)
  A blink frog (shapeshifter) (Vaults:2)
  17 hippogriffs
  A guardian serpent zombie (Crypt:1)
  13 spriggans
  A flying skull (Vaults:3)
  4 shadows
  Sigmund (D:3)
  5 redbacks
  An ice dragon skeleton (Crypt:2)
  4 vampires (Crypt:3)
  4 water elementals
  A tarantella (Vaults:3)
  7 wraiths
  2 fire dragon skeletons
  7 fire bats
  5 wyverns
  A yak (shapeshifter) (D:12)
  A hungry ghost (D:11)
  A basilisk (shapeshifter) (Depths:3)
  A golden eye (Slime:5)
  83 yaks
  9 humans (D:14)
  A steam dragon (D:14)
  3 humans (shapeshifter)
  5 basilisks
  12 vampire mosquitoes
  A soldier ant (D:10)
  13 swamp worms
  4 acid dragons
  5 wargs
  31 nagas
  A hell hound (D:13)
  5 insubstantial wisps
  8 porcupines
  Duvessa (D:7)
  22 water moccasins
  A floating eye (Depths:4)
  5 black bears
  40 orc warriors
  5 swamp drakes
  2 ice beasts (Depths:4)
  3 sky beasts
  A manticore zombie (Crypt:3)
  3 necrophages
  37 ogres
  4 eyes of draining
  37 wolves
  An ettin simulacrum (Depths:2)
  2 phantoms
  A lindwurm zombie (Crypt:3)
  A blink frog skeleton (Crypt:1)
  11 boggarts
  10 centaurs
  6 big kobolds
  10 crocodiles
  10 bullfrogs
  A draconian zombie (Crypt:2)
  5 earth elementals
  Blork the orc (D:5)
  A gnoll sergeant (D:9)
  2 wyvern zombies
  A hippogriff skeleton (Crypt:2)
  Dowan (D:7)
  A water moccasin zombie (D:7)
  A draconian skeleton (Crypt:2)
  8 killer bees
  13 scorpions
  3 spriggan skeletons (D:12)
  11 wights
  4 electric eels
  8 crimson imps
  5 howler monkeys
  2 lava snakes (D:13)
  3 bullfrog zombies
  6 centaur zombies
  4 human zombies (Ossuary)
  A demonspawn zombie (Crypt:1)
  3 hounds
  An iron imp (Depths:3)
  4 jellies
  5 centaur skeletons
  22 orc priests
  A gnoll shaman (D:6)
  5 bullfrog skeletons
  Jessica (D:2)
  4 hell rats (Lair:1)
  3 iguanas
  31 orc wizards
  10 worker ants
  A big kobold zombie (Ossuary)
  An ogre skeleton (Crypt:2)
  A hound zombie (D:6)
  2 mummies (Ossuary)
  A worker ant zombie (D:5)
  18 adders
  12 gnolls
  3 scorpion zombies (Ossuary)
  15 river rats
  2 shadow imps
  An ooze (D:1)
  3 adder skeletons
  3 worms
  2 dart slugs
  4 leopard geckos
  82 orcs
  5 ball pythons
  3 giant cockroaches
  A gnoll zombie (Ossuary)
  9 goblins
  16 hobgoblins
  16 jackals
  41 kobolds
  13 quokkas
  A ball python skeleton (Crypt:2)
  7 bats
  7 frilled lizards
  A goblin zombie (Ossuary)
  3 hobgoblin zombies
  3 kobold zombies (Ossuary)
  An orc zombie (Ossuary)
  2 quokka zombies (D:4)
  15 rats
  3 fire vortices (D:13)
  3 fungi
  7 plants
2041 creatures vanquished.

Vanquished Creatures (collateral kills)
  An orb of fire (Zot:1)
  Mennas (Vaults:4)
  Sojobo (Depths:3)
  Margery (Depths:3)
  2 golden dragons
  A bone dragon (Depths:5)
  An electric golem (Zot:1)
  3 liches
  A tentacled monstrosity (Zot:1)
  A titan (Vaults:5)
  An acid blob (Slime:5)
  4 sphinxes
  4 ancient champions
  A shadow dragon (Vaults:5)
  A thorn hunter (Swamp:3)
  A tengu reaver (Vaults:5)
  A storm dragon (Depths:4)
  2 nagarajas (Snake:4)
  2 revenants
  An iron dragon (Vaults:5)
  7 vault wardens
  4 frost giants
  6 fire giants
  2 draconian scorchers (Zot:1)
  2 deep elf sorcerers
  An orc warlord (Vaults:4)
  Aizul (Depths:2)
  2 deep elf elementalists (Vaults:5)
  A curse skull (Crypt:1)
  2 draconian shifters
  6 ghouls
  12 ironheart preservers
  16 stone giants
  An entropy weaver (shapeshifter) (Vaults:5)
  An entropy weaver (Vaults:3)
  7 very ugly things
  A vampire knight (Crypt:1)
  2 green draconians (Zot:1)
  A deep elf demonologist (Vaults:3)
  2 red draconians
  A yellow draconian (Depths:5)
  A purple draconian (Zot:1)
  2 deep elf annihilators
  A spark wasp (Depths:4)
  A white draconian (Zot:1)
  2 eidola (Crypt:2)
  A deep elf death mage (Vaults:2)
  13 jiangshi
  7 ettins
  7 fire dragons
  A crystal guardian (Vaults:3)
  6 great orbs of eyes
  A deep elf high priest (Vaults:5)
  6 yaktaur captains
  10 ogre magi
  5 hydras
  9 vault guards
  3 rakshasas
  4 anacondas
  6 ice dragons
  9 centaur warriors
  3 naga warriors (Snake:4)
  A satyr (shapeshifter) (Vaults:5)
  18 two-headed ogres
  A death yak (shapeshifter) (Vaults:5)
  A vampire mage (Crypt:2)
  5 deep troll shamans
  7 deep troll earth magi
  A death yak (IceCv)
  A tengu warrior (Depths:3)
  A spriggan berserker (Depths:4)
  3 shock serpents
  4 deep elf knights
  2 shadow wraiths
  2 soul eaters
  5 skeletal warriors
  An iron troll (Depths:2)
  9 hell knights
  13 deep trolls
  4 flayed ghosts
  3 glowing orange brains
  A sea snake (shapeshifter) (Depths:2)
  2 deep elf archers
  3 phantasmal warriors
  2 naga ritualists (Snake:4)
  3 wizards
  7 harpies
  11 orc knights
  2 swamp dragons
  8 wolf spiders
  A golden dragon skeleton (Crypt:2)
  A harpy (shapeshifter) (Vaults:1)
  An orb spider (shapeshifter) (Vaults:4)
  A mana viper (Snake:4)
  7 deep elf magi
  25 ugly things
  7 ironbrand convokers
  A mana viper (shapeshifter) (Depths:5)
  4 necromancers
  A tengu skeleton (Depths:2)
  A salamander (Snake:3)
  A fire giant zombie (Depths:2)
  3 oklob plants (Lair:6)
  2 shining eyes
  A rust devil (Depths:2)
  9 black mambas
  3 moths of wrath (Zot:1)
  A black mamba (shapeshifter) (Vaults:2)
  3 fire giant skeletons
  A guardian serpent (Snake:2)
  12 vault sentinels
  2 spiny frogs
  6 naga magi (Snake:4)
  A storm dragon simulacrum (Crypt:3)
  2 centaur skeletons
  A green draconian zombie (Crypt:2)
  8 freezing wraiths
  A kobold demonologist (D:12)
  2 yaktaurs (shapeshifter)
  An emperor scorpion zombie (Crypt:1)
  A hellwing (Depths:1)
  2 komodo dragons
  An alligator snapping turtle skeleton (Crypt:3)
  2 ice devils (Depths:4)
  22 yaktaurs
  A tengu conjurer (Depths:3)
  A queen bee (shapeshifter) (Vaults:2)
  A death yak skeleton (Crypt:2)
  A red devil (Depths:5)
  A meliai (shapeshifter) (Vaults:4)
  4 polar bears
  3 trolls
  7 hornets
  29 slime creatures
  3 tyrant leeches
  An ettin zombie (Crypt:2)
  An ice dragon zombie (Crypt:1)
  5 blink frogs (Lair:6)
  A bog body (Crypt:3)
  A wyvern (D:12)
  5 water elementals (Depths:3)
  A tarantella (shapeshifter) (Vaults:2)
  An ettin skeleton (Crypt:1)
  4 yaks
  A fire bat (Depths:1)
  2 wraiths
  9 humans (D:14)
  A black mamba skeleton (Crypt:3)
  A vampire mosquito (Swamp:4)
  3 wargs
  An acid dragon (Vaults:2)
  2 insubstantial wisps (Swamp:4)
  2 water moccasins
  A deep troll zombie (Crypt:3)
  9 nagas
  A floating eye (Depths:4)
  3 swamp drakes (Swamp:4)
  10 orc warriors
  An ice beast (Depths:4)
  7 necrophages
  An ettin simulacrum (Crypt:3)
  18 ogres
  A boggart (Vaults:2)
  6 wolves (Lair:6)
  12 centaurs
  A crocodile (Lair:6)
  A big kobold (D:12)
  An elf zombie (Crypt:1)
  2 bullfrogs
  A merfolk simulacrum (Crypt:1)
  A polar bear zombie (Crypt:1)
  A killer bee (shapeshifter) (Depths:4)
  A troll skeleton (D:12)
  2 electric eels (Lair:6)
  A jelly (D:12)
  A hound (D:12)
  6 orc wizards
  2 orc priests
  A hell rat (Lair:6)
  A felid skeleton (Crypt:3)
  An adder (Snake:1)
  8 orcs
  A ball python (Snake:1)
  A kobold (D:12)
  2 fungi (Lair:6)
  A plant (Lair:6)
666 creatures vanquished.

Vanquished Creatures (others)
  A deep elf master archer (Elf:3)
  A fire giant (Vaults:4)
  A vault warden (Vaults:5)
  A war gargoyle (Vaults:5)
  3 yaktaur captains
  A centaur warrior (Depths:2)
  An alligator (Swamp:3)
  A deep elf knight (Elf:2)
  A shadow wraith (Crypt:3)
  A deep troll (Vaults:5)
  A deep elf archer (Vaults:2)
  10 yaktaurs
  2 tyrant leeches
  A polar bear (IceCv)
  An orc warrior (Vaults:5)
  5 centaurs
  A scorpion (Ossuary)
  A big kobold zombie (Ossuary)
  A mummy (Ossuary)
  2 orcs (Vaults:5)
  A hobgoblin zombie (Ossuary)
  5 briar patches
  2 bushes
  10 fungi
  19 plants
  2 snaplasher vines (Vaults:4)
  9 toadstools (Swamp:1)
  22 withered plants (Crypt:3)
107 creatures vanquished.

Grand Total: 2814 creatures vanquished

Notes
Turn   | Place    | Note
-------+----------+-------------------------------------------
     0 | D:1      | iamserjio the Octopode Earth Elementalist began the quest for the Orb.
     0 | D:1      | Reached XP level 1. HP: 11/11 MP: 3/3
    86 | D:1      | Reached XP level 2. HP: 14/17 MP: 1/5
   543 | D:1      | Reached XP level 3. HP: 14/21 MP: 0/6
  1216 | D:1      | Learned a level 3 spell: Stone Arrow
  1219 | D:1      | Learned a level 2 spell: Passwall
  1345 | D:2      | Reached XP level 4. HP: 18/27 MP: 0/7
  1512 | D:2      | Found a bloodstained altar of Trog.
  1780 | D:2      | Found a blossoming altar of Fedhas.
  2265 | D:2      | Noticed Jessica
  2269 | D:2      | Killed Jessica
  2269 | D:2      | Reached XP level 5. HP: 31/31 MP: 6/9
  2751 | D:3      | Noticed Sigmund
  2809 | D:3      | Killed Sigmund
  2809 | D:3      | Reached skill level 5 in Stealth
  2809 | D:3      | Reached skill level 5 in Earth Magic
  2809 | D:3      | Reached XP level 6. HP: 31/36 MP: 8/11
  3142 | D:4      | Found Vittabu's Distillery.
  3149 | D:4      | Bought a potion of curing for 39 gold pieces
  3177 | D:4      | Found Gedifan's Gadget Shop.
  3216 | D:4      | Reached XP level 7. HP: 41/41 MP: 1/12
  3323 | D:4      | Found a staircase to the Ecumenical Temple.
  3330 | Temple   | Entered the Ecumenical Temple
  3348 | Temple   | Became a worshipper of Kikubaaqudgha
  3416 | D:4      | Found a hazy altar of Hepliaklqana.
  3459 | D:4      | Found Rec Ipa's Distillery.
  3528 | D:4      | Found a sparkling altar of Nemelex Xobeh.
  3528 | D:4      | Found an ornate altar of the Wu Jian Council.
  3531 | D:4      | Found a sand-covered staircase.
  3535 | Ossuary  | Entered an ossuary
  4413 | Ossuary  | Reached skill level 1 in Fighting
  4438 | Ossuary  | Reached XP level 8. HP: 33/48 MP: 6/14
  5014 | Ossuary  | Reached * piety under Kikubaaqudgha
  5014 | Ossuary  | Identified Kikubaaqudgha's Incunabulum of Sinister Arts (Kikubaaqudgha gifted it to you in an ossuary)
  5014 | Ossuary  | Received a gift from Kikubaaqudgha
  5690 | D:4      | Reached skill level 2 in Fighting
  5892 | D:4      | Bought a potion of heal wounds for 70 gold pieces
  6216 | D:4      | Learned a level 3 spell: Vampiric Draining
  6217 | D:5      | Entered Level 5 of the Dungeon
  6265 | D:5      | Noticed Blork the orc
  6342 | D:5      | Killed Blork the orc
  6342 | D:5      | Reached skill level 1 in Necromancy
  6366 | D:5      | Found an iron altar of Okawaru.
  6510 | D:5      | Noticed Prince Ribbit
  6518 | D:5      | Noticed Grinder
  6528 | D:5      | Killed Grinder
  6529 | D:5      | Killed Prince Ribbit
  6529 | D:5      | Reached skill level 3 in Fighting
  6529 | D:5      | Reached skill level 5 in Spellcasting
  6529 | D:5      | Reached XP level 9. HP: 34/57 MP: 3/16
  7741 | D:6      | Reached ** piety under Kikubaaqudgha
  7870 | D:6      | Learned a level 5 spell: Lee's Rapid Deconstruction
  8463 | D:7      | Reached skill level 4 in Fighting
  8985 | D:7      | Noticed Dowan
  9132 | D:7      | Reached skill level 5 in Dodging
  9519 | D:7      | Noticed Duvessa
  9528 | D:7      | Killed Duvessa
  9600 | D:7      | Killed Dowan
  9653 | D:7      | Reached XP level 10. HP: 58/65 MP: 4/19
 10252 | D:8      | Reached skill level 5 in Fighting
 10400 | D:8      | Found a staircase to the Lair.
 10862 | D:7      | Reached *** piety under Kikubaaqudgha
 10862 | D:7      | Identified Kikubaaqudgha's Grimoire of Black Rites (Kikubaaqudgha gifted it to you on level 7 of the Dungeon)
 10862 | D:7      | Received a gift from Kikubaaqudgha
 10874 | D:7      | Learned a level 5 spell: Borgnjor's Vile Clutch
 11141 | D:8      | Noticed a two-headed ogre
 11157 | D:8      | Killed a two-headed ogre
 11344 | D:8      | Reached skill level 5 in Necromancy
 12685 | D:8      | Reached skill level 6 in Fighting
 13044 | D:8      | Reached XP level 11. HP: 72/72 MP: 11/21
 13621 | D:8      | Learned a level 2 spell: Sublimation of Blood
 13769 | D:9      | Found Loigigha's Jewellery Emporium.
 14131 | D:9      | Found a bloodstained altar of Trog.
 14780 | D:10     | Entered Level 10 of the Dungeon
 14918 | D:10     | Paralysed by a hornet for 1 turns
 14922 | D:10     | Paralysed by a hornet for 2 turns
 14923 | D:10     | HP: 3/73 [hornet (7)]
 14939 | D:10     | Reached **** piety under Kikubaaqudgha
 15197 | D:10     | Noticed Nergalle
 15476 | D:10     | Killed Nergalle
 15948 | D:10     | Found a staircase to the Orcish Mines.
 16198 | D:10     | Noticed a two-headed ogre
 16207 | D:10     | Killed a two-headed ogre
 16492 | D:11     | Noticed Urug
 16495 | D:11     | Noticed a cyclops
 16496 | D:11     | Got a brightly glowing steel ring
 16505 | D:11     | Killed Urug
 16591 | D:10     | HP: 2/74 [ogre/giant club (12)]
 16737 | D:11     | Reached skill level 7 in Fighting
 16814 | D:10     | HP: 3/75 [wraith[Josephine] (12)]
 16817 | D:10     | Killed a cyclops
 16817 | D:10     | Reached skill level 10 in Earth Magic
 16899 | D:11     | Noticed Josephine
 17080 | D:11     | Killed Josephine
 17080 | D:11     | Reached XP level 12. HP: 47/81 MP: 7/23
 17417 | D:11     | Noticed Sonja
 17421 | D:11     | Killed Sonja
 17612 | D:11     | Noticed Gastronok
 17750 | D:11     | Identified the ring "Wyeqy" {Ice Dex+4} (You found it on level 11 of the Dungeon)
 17757 | D:11     | Learned a level 4 spell: Animate Dead
 17794 | D:11     | Killed Gastronok
 18069 | D:11     | Noticed a death knight
 18080 | D:11     | Killed a death knight
 18080 | D:11     | Reached skill level 8 in Fighting
 18376 | D:9      | Bought an uncursed ring of magical power for 320 gold pieces
 18485 | Lair:1   | Entered Level 1 of the Lair of Beasts
 18502 | Lair:1   | Reached skill level 1 in Shields
 19149 | Lair:1   | Reached ***** piety under Kikubaaqudgha
 20122 | Lair:2   | Reached XP level 13. HP: 79/89 MP: 20/25
 20566 | Lair:2   | Noticed Erica
 20578 | Lair:2   | Killed Erica
 21168 | Lair:3   | Paralysed by a hornet for 2 turns
 21544 | Lair:3   | Noticed an ice dragon
 21559 | Lair:3   | Killed an ice dragon
 21559 | Lair:3   | Reached skill level 9 in Fighting
 21559 | Lair:3   | Reached skill level 10 in Necromancy
 22970 | Lair:4   | Found a staircase to the Snake Pit.
 23384 | Lair:4   | Found a staircase to the Swamp.
 23809 | Lair:5   | Reached XP level 14. HP: 81/97 MP: 10/27
 23824 | Lair:5   | Found a staircase to the Slime Pits.
 23914 | Lair:5   | Reached skill level 5 in Shields
 24719 | Lair:5   | Learned a level 2 spell: Blink
 24720 | Lair:6   | Entered Level 6 of the Lair of Beasts
 24725 | Lair:6   | Reached skill level 10 in Dodging
 24764 | Lair:6   | Reached ****** piety under Kikubaaqudgha
 24997 | Lair:6   | Reached skill level 1 in Translocations
 25102 | Lair:6   | Reached skill level 10 in Fighting
 26040 | Lair:6   | Reached skill level 10 in Spellcasting
 26124 | Lair:6   | Identified the Reference Book on Ice
 26215 | Lair:6   | Reached XP level 15. HP: 76/105 MP: 25/29
 26997 | D:10     | Learned a level 2 spell: Swiftness
 27001 | D:10     | Learned a level 3 spell: Teleport Other
 27002 | Orc:1    | Entered Level 1 of the Orcish Mines
 27054 | Orc:1    | Noticed Erolcha
 27069 | Orc:1    | Killed Erolcha
 27171 | Orc:2    | Entered Level 2 of the Orcish Mines
 27187 | Orc:2    | Paralysed by an orc sorcerer for 4 turns
 27462 | Orc:2    | Found a roughly hewn altar of Beogh.
 27477 | Orc:2    | Found a roughly hewn altar of Beogh.
 27838 | Orc:1    | Found Potwum's General Store.
 27845 | Orc:1    | Noticed Maurice
 27851 | Orc:1    | Killed Maurice
 27867 | Orc:1    | Bought a scroll of identify for 24 gold pieces
 27981 | Orc:2    | Found a staircase to the Elven Halls.
 28510 | Orc:2    | Reached skill level 11 in Fighting
 28935 | Orc:2    | Found Buodez's Gadget Boutique.
 28996 | Orc:2    | Found Nausiowi's Distillery.
 28999 | Orc:2    | Found Lixinoysch's Antique Weapon Shoppe.
 29001 | Orc:2    | Found Naopnuet's Food Boutique.
 29047 | Orc:2    | Bought a potion of curing for 36 gold pieces
 29047 | Orc:2    | Bought a potion of curing for 36 gold pieces
 29047 | Orc:2    | Bought a potion of curing for 36 gold pieces
 29047 | Orc:2    | Bought a potion of invisibility for 96 gold pieces
 29055 | Orc:2    | Bought a smoking dagger for 245 gold pieces
 29059 | Orc:2    | Identified the +5 dagger "Unyeh" {pierce, +Rage rF+} (You bought it in a shop on level 2 of the Orcish Mines)
 29394 | Orc:1    | Bought a ration for 60 gold pieces
 29394 | Orc:1    | Bought a ration for 60 gold pieces
 29394 | Orc:1    | Bought a potion of invisibility for 96 gold pieces
 29394 | Orc:1    | Bought 2 potions of lignification for 72 gold pieces
 31008 | D:13     | Got a brightly glowing wooden ring
 31013 | D:13     | Identified the ring of Etukaem {rPois Dex+5} (You found it on level 13 of the Dungeon)
 32082 | D:14     | Noticed Frances
 32094 | D:14     | Gained mutation: You are occasionally teleported next to monsters. [a neqoxec]
 32105 | D:13     | Killed Frances
 32112 | D:13     | Lost mutation: You are occasionally teleported next to monsters. [potion of mutation]
 32112 | D:13     | Gained mutation: You are frail. (-10% HP) [potion of mutation]
 32112 | D:13     | Gained mutation: You are occasionally teleported next to monsters. [potion of mutation]
 32112 | D:13     | Gained mutation: You can translocate small distances at will. [potion of mutation]
 32113 | D:13     | Lost mutation: You are frail. (-10% HP) [potion of mutation]
 32113 | D:13     | Lost mutation: You can translocate small distances at will. [potion of mutation]
 32113 | D:13     | Lost mutation: You are occasionally teleported next to monsters. [potion of mutation]
 32113 | D:13     | Gained mutation: You are partially covered in molten scales. (AC +2) [potion of mutation]
 32113 | D:13     | Gained mutation: You are robust. (+10% HP) [potion of mutation]
 32113 | D:13     | Gained mutation: Your muscles are strong. (Str +2) [potion of mutation]
 32352 | D:14     | Reached XP level 16. HP: 107/124 MP: 16/30
 32370 | D:14     | Found a gate to the Vaults.
 32374 | D:14     | Reached skill level 10 in Stealth
 33130 | D:14     | Found a blossoming altar of Fedhas.
 33464 | D:15     | Entered Level 15 of the Dungeon
 33485 | D:15     | Found a frozen archway.
 33498 | IceCv    | Entered an ice cave
 34560 | IceCv    | Learned a level 1 spell: Summon Butterflies
 34863 | D:15     | Found a staircase to the Depths.
 34977 | D:15     | Reached skill level 12 in Fighting
 36095 | D:15     | Learned a level 5 spell: Dispel Undead
 36577 | Elf:1    | Entered Level 1 of the Elven Halls
 36692 | Elf:1    | Reached XP level 17. HP: 91/130 MP: 23/32
 37227 | Elf:1    | Reached skill level 10 in Shields
 39092 | Elf:2    | Reached skill level 5 in Transmutations
 39202 | Elf:2    | Found a runed gate.
 39202 | Elf:2    | Found a runed gate.
 39250 | Elf:2    | Found a runed gate.
 39488 | Elf:2    | Found an ancient bone altar of Kikubaaqudgha.
 39915 | Elf:3    | Entered Level 3 of the Elven Halls
 40732 | Elf:3    | Reached skill level 13 in Fighting
 40814 | Elf:3    | Reached XP level 18. HP: 111/140 MP: 6/34
 41013 | Elf:3    | Noticed a deep elf master archer
 41706 | Elf:3    | Noticed a Tzitzimitl
 41720 | Elf:3    | Killed a deep elf master archer
 42118 | Elf:3    | Noticed a deep elf blademaster
 42144 | Elf:3    | Killed a deep elf blademaster
 42175 | Elf:3    | Noticed a deep elf master archer
 42290 | Elf:3    | Killed a deep elf master archer
 42357 | Elf:3    | Noticed a deep elf master archer
 42360 | Elf:3    | Noticed a deep elf master archer
 42362 | Elf:3    | Killed a deep elf master archer
 42375 | Elf:3    | Killed a deep elf master archer
 43357 | Elf:3    | Found the +10 zealot's sword {holy, *Rage rN+ EV+3}
 43392 | Elf:3    | Got a heavily runed bronze amulet
 43393 | Elf:3    | Identified the Disquisition on Frigorific Dark Rituals
 43470 | Elf:3    | Reached skill level 1 in Evocations
 43652 | Elf:3    | Noticed a Brimstone Fiend
 43726 | Elf:3    | Got a steaming whip
 43734 | Elf:3    | Identified the +7 whip "Octopus's Bane" {flame, rC+ Int+3} (You found it on level 3 of the Elven Halls)
 43758 | Elf:3    | Got a steaming hunting sling
 43764 | Elf:3    | Identified the +6 hunting sling of the Original Sin {venom, Int+8} (You found it on level 3 of the Elven Halls)
 44224 | Elf:2    | Reached skill level 1 in Summonings
 44850 | Elf:2    | Noticed a deep elf blademaster
 45269 | Elf:2    | Killed a deep elf blademaster
 45269 | Elf:2    | Reached XP level 19. HP: 127/148 MP: 27/35
 45907 | Swamp:1  | Entered Level 1 of the Swamp
 46174 | Swamp:1  | Learned a level 1 spell: Apportation
 47679 | Swamp:2  | Reached skill level 14 in Fighting
 48265 | Swamp:3  | Noticed Jorgrun
 48295 | Swamp:3  | Killed Jorgrun
 48295 | Swamp:3  | Reached skill level 15 in Necromancy
 49657 | Swamp:4  | Entered Level 4 of the Swamp
 49657 | Swamp:4  | Noticed Bai Suzhen
 50383 | Swamp:4  | Killed Bai Suzhen
 51154 | Swamp:4  | Got a decaying rune of Zot
 51890 | Swamp:4  | Identified the amulet "Ylanaus" {Inacc rPois Int+4} (You found it on level 3 of the Elven Halls)
 52260 | Swamp:4  | Noticed Nikola
 52271 | Swamp:4  | Killed Nikola
 52775 | Swamp:4  | Identified 2 scrolls of acquirement
 52815 | Swamp:3  | Got a bound steel ring
 52817 | Swamp:3  | Identified the ring "Jyne" {+Blink AC+1 Str+6} (You acquired it on level 3 of the Swamp)
 52985 | Snake:1  | Entered Level 1 of the Snake Pit
 52998 | Snake:1  | Reached XP level 20. HP: 157/157 MP: 24/37
 53103 | Snake:1  | Learned a level 8 spell: Infestation
 53854 | Snake:1  | Reached skill level 1 in Maces & Flails
 56571 | Snake:3  | Reached skill level 15 in Shields
 56738 | Snake:3  | Noticed Vashnia
 57190 | Snake:3  | Killed Vashnia
 57976 | Snake:3  | Noticed Saint Roka
 58047 | Snake:3  | Killed Saint Roka
 58151 | Snake:4  | Entered Level 4 of the Snake Pit
 58334 | Snake:4  | Reached skill level 5 in Maces & Flails
 58966 | Snake:4  | Found Ufirchy's Jewellery Shop.
 58966 | Snake:4  | Found Tyrem's Gadget Emporium.
 58970 | Snake:4  | Found Xiacir's Jewellery Shop.
 59019 | Snake:4  | Reached XP level 21. HP: 101/162 MP: 5/39
 60137 | Snake:4  | Got a serpentine rune of Zot
 60776 | Snake:4  | Bought an uncursed ring of protection from magic for 400 gold pieces
 60776 | Snake:4  | Bought an uncursed ring of protection from fire for 400 gold pieces
 61148 | Vaults:1 | Entered Level 1 of the Vaults
 62926 | Vaults:2 | Found Ifayrruh's Armour Shop.
 63050 | Vaults:2 | Reached XP level 22. HP: 161/170 MP: 31/40
 63469 | Vaults:3 | Found a staircase to the Crypt.
 63479 | Vaults:3 | Reached skill level 15 in Dodging
 63737 | Vaults:3 | Found Kewos's Food Shop.
 63745 | Vaults:3 | Reached skill level 15 in Fighting
 64114 | Vaults:3 | Got an ichor-stained flail
 65076 | Vaults:4 | Noticed Mennas
 65092 | Vaults:4 | Killed Mennas
 66329 | Vaults:4 | Reached skill level 16 in Fighting
 66821 | Vaults:4 | Reached XP level 23. HP: 70/181 MP: 36/41
 67157 | Vaults:4 | Identified the cursed +0 flail of Hiygal {crush, *Drain MR+ Dex+4} (You found it on level 3 of the Vaults)
 67409 | Depths:1 | Entered Level 1 of the Depths
 67684 | Depths:1 | Noticed Mara
 67707 | Depths:1 | Noticed iamserjio's illusion
 67713 | Depths:1 | Killed Mara
 67822 | Depths:1 | Found a one-way gate to the infinite horrors of the Abyss.
 68302 | Depths:1 | Found a gateway to Hell.
 68319 | Depths:1 | Learned a level 8 spell: Borgnjor's Revivification
 68521 | Depths:1 | Found a one-way gate leading to the halls of Pandemonium.
 69287 | Depths:2 | Noticed a juggernaut
 69557 | Depths:2 | Noticed Aizul
 69585 | Depths:2 | Killed Aizul
 69912 | Depths:2 | Killed a juggernaut
 70422 | Depths:2 | Reached skill level 10 in Maces & Flails
 71101 | Depths:3 | Noticed Margery
 71101 | Depths:3 | Noticed Sojobo
 71103 | Depths:3 | Noticed Asterion
 71175 | Depths:3 | Killed Asterion
 71760 | Depths:2 | Reached skill level 17 in Fighting
 71760 | Depths:2 | Reached skill level 5 in Summonings
 72499 | Depths:3 | Killed Sojobo
 72506 | Depths:3 | Killed Margery
 72712 | Depths:3 | Found a gateway to a ziggurat.
 72751 | Depths:3 | Found Gaofreis's Pet Rocks.
 72850 | Depths:3 | Found Ysiuk's Jewellery Boutique.
 72875 | Depths:3 | Bought an uncursed ring of positive energy for 400 gold pieces
 73041 | Depths:3 | Reached XP level 24. HP: 192/192 MP: 41/41
 73492 | Depths:3 | Identified Riufrulo's Volume of Creative Weightlessness
 75341 | Depths:4 | Paralysed by a floating eye for 3 turns
 75748 | Depths:4 | Noticed Louise
 75760 | Depths:4 | Killed Louise
 76060 | Depths:5 | Entered Level 5 of the Depths
 77059 | Depths:5 | Found a gate to the Realm of Zot.
 77118 | Depths:5 | Reached skill level 18 in Fighting
 78198 | Depths:4 | Paralysed by a floating eye for 3 turns
 78202 | Depths:4 | Paralysed by a floating eye for 2 turns
 78618 | Crypt:1  | Entered Level 1 of the Crypt
 78966 | Crypt:1  | Noticed Khufu
 79224 | Crypt:1  | Noticed a greater mummy
 79231 | Crypt:1  | Killed a greater mummy
 79231 | Crypt:1  | Noticed a greater mummy
 79817 | Crypt:1  | Noticed a greater mummy
 79820 | Crypt:1  | Killed a greater mummy
 80268 | Vaults:3 | Killed Khufu
 80268 | Vaults:3 | Reached XP level 25. HP: 137/202 MP: 26/41
 80633 | Crypt:1  | Killed a greater mummy
 81290 | Crypt:1  | HP: 8/203 [something (3)]
 82473 | Crypt:3  | Entered Level 3 of the Crypt
 82559 | Crypt:3  | Found a staircase to the Tomb.
 82935 | Crypt:2  | Found a shimmering altar of Xom.
 82989 | Crypt:3  | Noticed Boris
 82996 | Crypt:3  | Killed Boris
 82996 | Crypt:3  | Reached skill level 19 in Fighting
 83594 | Crypt:3  | Noticed a greater mummy
 83863 | Crypt:3  | Killed a greater mummy
 84385 | Crypt:3  | Found a basalt altar of Yredelemnul.
 84387 | Crypt:3  | Found an ancient bone altar of Kikubaaqudgha.
 84404 | Crypt:3  | Identified the Reference Book on the Damaging Glacier
 85727 | D:4      | Bought a potion of heal wounds for 70 gold pieces
 85727 | D:4      | Bought a potion of curing for 42 gold pieces
 85727 | D:4      | Bought a potion of curing for 42 gold pieces
 85727 | D:4      | Bought a potion of curing for 42 gold pieces
 85727 | D:4      | Bought a potion of mutation for 112 gold pieces
 85727 | D:4      | Bought a potion of resistance for 140 gold pieces
 85804 | D:4      | Bought a potion of mutation for 104 gold pieces
 85804 | D:4      | Bought a potion of might for 52 gold pieces
 85804 | D:4      | Bought a potion of might for 52 gold pieces
 85804 | D:4      | Bought a potion of magic for 104 gold pieces
 85804 | D:4      | Bought a potion of resistance for 130 gold pieces
 86228 | Vaults:5 | Entered Level 5 of the Vaults
 86691 | Vaults:4 | Reached skill level 20 in Fighting
 86915 | Vaults:4 | Learned a level 5 spell: Summon Forest
 86922 | Vaults:5 | Reached XP level 26. HP: 190/215 MP: 41/41
 88876 | Vaults:5 | Noticed an ancient lich
 89216 | Vaults:5 | Killed an ancient lich
 90295 | Vaults:5 | Identified the +6 morningstar of Bloody Death {freeze, MR+ Str+3 Int+2} (You found it on level 5 of the Vaults)
 90319 | Vaults:5 | Reached skill level 21 in Fighting
 90377 | Vaults:5 | Found the +2 hat of the Bear Spirit {Spirit, +Rage rN+ MR++}
 90391 | Vaults:5 | Noticed an ancient lich
 90421 | Vaults:5 | Killed an ancient lich
 90462 | Vaults:5 | Got a pitted lead ring
 90924 | Vaults:5 | Identified the Handbook of Hexes and Feathers
 90939 | Vaults:5 | Noticed an ancient lich
 90945 | Vaults:5 | Killed an ancient lich
 91379 | Vaults:5 | Identified the ring "Jaaxtar" {rF++ Str-3 Int+2} (You took it off a deep elf annihilator on level 5 of the Vaults)
 91380 | Vaults:5 | Identified the +8 whip of Xijuhec {flame, +Fly} (You took it off a hell knight on level 5 of the Vaults)
 91413 | Vaults:5 | Reached skill level 15 in Spellcasting
 91458 | Vaults:5 | Got a silver rune of Zot
 91590 | Vaults:5 | Reached XP level 27. HP: 181/227 MP: 33/42
 92198 | Vaults:4 | Learned a level 7 spell: Haunt
 92878 | Slime:1  | Entered Level 1 of the Pits of Slime
 94163 | Orc:2    | Bought a ration for 55 gold pieces
 94163 | Orc:2    | Bought a ration for 55 gold pieces
 94163 | Orc:2    | Bought a ration for 55 gold pieces
 94163 | Orc:2    | Bought a ration for 55 gold pieces
 94163 | Orc:2    | Bought a ration for 55 gold pieces
 94163 | Orc:2    | Bought a ration for 55 gold pieces
 94163 | Orc:2    | Bought a ration for 55 gold pieces
 94163 | Orc:2    | Bought a ration for 55 gold pieces
 94163 | Orc:2    | Bought a ration for 55 gold pieces
 94163 | Orc:2    | Bought a ration for 55 gold pieces
 94163 | Orc:2    | Bought a ration for 55 gold pieces
 94163 | Orc:2    | Bought a ration for 55 gold pieces
 94163 | Orc:2    | Bought a ration for 55 gold pieces
 94433 | Slime:5  | Entered Level 5 of the Pits of Slime
 94665 | Slime:5  | Reached skill level 22 in Fighting
 95000 | Slime:5  | Noticed the Royal Jelly
 95594 | Slime:5  | Found a viscous altar of Jiyva.
 95901 | Slime:5  | Reached skill level 15 in Maces & Flails
 95902 | Slime:5  | Killed the Royal Jelly
 96005 | Slime:5  | Got an ancient lead ring
 96039 | Slime:5  | Identified the ring "Sunir" {Dex+4 SInv} (You found it on level 5 of the Pits of Slime)
 96040 | Slime:5  | Identified the ring "Xeuginge" {rC+ SInv} (You acquired it on level 5 of the Pits of Slime)
 96050 | Slime:5  | Got a sparkling platinum ring
 96058 | Slime:5  | Identified the ring of Foll {*Drain rN+ Dex+6 Slay+4 SInv} (You found it on level 5 of the Pits of Slime)
 96080 | Slime:5  | Got a slimy rune of Zot
 96082 | Slime:5  | Identified the ring "Hugepree" {Ice +Inv MR+ MP+9} (You found it on level 5 of the Pits of Slime)
 96627 | Zot:1    | Entered Level 1 of the Realm of Zot
 97134 | Zot:1    | Noticed an orb of fire
 97137 | Zot:1    | Lost mutation: You are robust. (+10% HP) [an orb of fire]
 97145 | Zot:1    | Gained mutation: Potions are less effective at restoring your health. [an orb of fire]
 97156 | Zot:1    | Killed an orb of fire
 97762 | Zot:1    | Got a smoking copper amulet
 97763 | Zot:1    | Identified the amulet "Vapijih" {Faith Int+4} (You found it on level 1 of the Realm of Zot)
 97836 | Zot:1    | Got a wavering iron ring
 97837 | Zot:1    | Identified the ring of Amagh {rElec rPois AC+2 SInv} (You took it off a purple draconian on level 1 of the Realm of Zot)
 98262 | Zot:2    | Reached skill level 23 in Fighting
 98574 | Zot:2    | HP: 14/316 [tentacled monstrosity (5)]
 98575 | Zot:2    | HP: 4/316 [tentacled monstrosity (7)]
 98578 | Zot:2    | Killed from afar by a purple draconian monk

Vault maps used:
D:1:      lemuel_arrival_river_bridge, st_stairs_2
D:2:      lemuel_crystal_altar, trog_hazing_becter, uniq_jessica
D:3:      minivault_27, uniq_sigmund
D:4:      kennysheep_mini_moat, gammafunk_temple_overflow_elements,
          minmay_temple_entry_nine_rooms, serial_shops, shop, shop, shop,
          enter_ossuary_4
D:5:      lemuel_doored_altar, first_ration, uniq_blork_the_orc,
          uniq_prince_ribbit1, uniq_grinder
D:7:      kennysheep_generic_room_9, uniq_duvessa
D:8:      minmay_lair_entry_grove
D:9:      trog_ov_bears_minmay, serial_shops, shop
D:10:     orc_0_dummy, minmay_misc_feat_secret_circle, minmay_misc_feat_plants,
          hangedman_pestilent_swarm, uniq_nergalle
D:11:     lab_entry_generic, uniq_josephine, uniq_gastronok, uniq_sonja,
          uniq_urug
D:12:     hangedman_tell_no_tales
D:13:     hangedman_incinerator
D:14:     grunt_vaults_entry_tiered, nicolae_twisting_strands,
          hangedman_tree_tricks, uniq_frances
D:15:     grunt_enter_depths_magical_seal, serial_park_avenue1,
          portal_ice_cave_rime, kennysheep_pointless_box, hive_lemuel
Temple:   lightli_temple_of_artemis
Lair:1:   lemuel_ratsnest
Lair:2:   st_stairs_5, minmay_lindwurm_lava, uniq_erica
Lair:3:   dragon1_lemuel, grunt_megastairs_3
Lair:4:   swamp_mist_pool, minmay_snake_entry_guardpost_medium
Lair:5:   slime_dummy
Lair:6:   minmay_lair_end_enchanted_forest, minmay_lair_oklob_chamber,
          serial_bayou_shore_a, lemuel_fruit_fields, grunt_megastairs_5,
          serial_bayou_shore_b
Swamp:1:  cheibrodos_swamp_tower_of_moss, evilmike_swamp_ruin_rubble_1,
          swamp_pool2, roderic_carrion_pond
Swamp:2:  evilmike_swamp_ruin_house_2, infiniplex_staircase_pool_2
Swamp:3:  evilmike_swamp_ruin_rubble_2, uniq_jorgrun
Swamp:4:  swamp_alternative, uniq_bai_suzhen, uniq_nikola
Snake:1:  minmay_snake_pond
Snake:2:  hangedman_snake_corridor_cut
Snake:3:  uniq_saint_roka, uniq_vashnia
Snake:4:  snake_pit, grunt_megastairs_4, lemuel_fruit_tree, minmay_shop_grove
Slime:2:  basic_altar
Slime:3:  cheibrodos_slime_lost_civilization_6
Orc:1:    serial_shops, shop, uniq_erolcha, uniq_maurice
Orc:2:    st_orc_elflike, basic_altar, mines2_david
Elf:1:    portal_desolation_entry_nicolae_nacl, hangedman_elf_disciples
Elf:2:    basic_altar, small_statue_intersection
Elf:3:    minmay_elf_hall_four_x
Vaults:1: ontoclasm_vaults_fault, hangedman_vaults_corner_blocks,
          hangedman_vaults_stagger, hangedman_vaults_unwind,
          nicolae_vaults_yaktaur_gun_rack, vaults_room_corners,
          vaults_room_pool, v_alt_pattern_3, vaults_room_fours, v_misc_13,
          ontoclasm_vaults_eye
Vaults:2: v_alt_pattern_6, st_spiral_rooms, nicolae_vaults_ninety_degrees,
          nicolae_vaults_circle_grid_a, v_misc_31, ontoclasm_vaults_hangar,
          dpeg_vaults_monster_box, nicolae_vaults_stairing_the_circle,
          v_misc_28, vaults_dpeg_cross, v_misc_17, serial_shops, shop_statue
Vaults:3: v_misc_4, hangedman_vaults_trim, ontoclasm_vaults_ring_small,
          kb_rosetta, v_misc_9, v_pattern_4, vaults_standard_mumra_lines,
          vaults_room_corners, minmay_crypt_entry_simple_sparse,
          nicolae_vaults_little_squares_4, ontoclasm_vaults_ligature,
          vaults_mumra_lcd, nicolae_vaults_little_squares_2, serial_shops,
          nicolae_shop_competitors_out_of_business
Vaults:4: nicolae_vaults_statue_guard, vaults_room_fours,
          nicolae_vaults_twisting_passages, vaults_mumra_hexcomb,
          ontoclasm_vaults_shuriken, vaults_mumra_minichess,
          vaults_room_door_hall, hangedman_vaults_impose,
          vaults_standard_mumra_enter_the_diamond, nicolae_vaults_theta,
          vaults_dpeg_diagonal, grunt_vaults_hallway_long, uniq_mennas
Crypt:1:  grunt_ministairs_11, uniq_khufu
Crypt:2:  lemuel_upstairs_altar, grunt_ministairs_8
Crypt:3:  lightli_unholy_cathedral, tomb_entry_forgotten_bobbens,
          grunt_megastairs_2, uniq_boris
Depths:1: hellmouth_1, abyss_entry, columned_hall_lemuel, pan_entry,
          minmay_misc_feat_encased, kennysheep_small_square, uniq_mara
Depths:2: minmay_chopped_fan, grunt_mini_vestibule, serial_glass,
          glass_columns_b, glass_columns_a, uniq_aizul
Depths:3: minmay_broken_ring, enter_ziggurat_a, minmay_staircase_bubble,
          rand_demon_pan_entry_5, serial_shops, shop, hell_entry,
          guppyfry_shop_earth, uniq_margery, uniq_sojobo, uniq_asterion
Depths:4: minmay_connected_triangles_in_corner,
          nicolae_abyss_entry_one_way_or_another, hangedman_decor_growths,
          hell_entry, pan_entry, ice2_lemuel, infiniplex_staircase_9_rooms
Depths:5: grunt_zot_entry_tricorne, hangedman_abyss_or_decor_passed,
          hangedman_geh_valley
Zot:1:    st_single_dragon_hoard_1
Ossuary:  ossuary_minmay_scorpions
IceCv:    ice_cave_caverns_01

Skill      XL: |  1  2  3  4  5  6  7  8  9 10 11 12 13 14 15 16 17 18 19 20 21 22 23 24 25 26 27 |
---------------+----------------------------------------------------------------------------------+-----
Stealth        | 3 4 5 6 7 8 9 11 12 | 12.0
Earth Magic    | 4 5 6 7 8 9 10 11 12 13 14 | 14.0
Spellcasting   | 3 4 5 6 7 8 9 10 11 12 13 14 15 | 15.0
Fighting       | 1 3 4 6 7 8 9 10 11 12 13 14 16 17 18 20 21 23 | 23.2
Dodging        | 4 5 6 7 8 9 10 12 13 14 16 17 18 19 20 | 20.0
Necromancy     | 2 4 6 8 9 10 12 13 14 15 16 17 18 | 18.0
Shields        | 2 4 6 8 9 10 11 14 15 16 | 16.0
Translocations | 2 |  2.0
Transmutations | 3 5 |  5.0
Evocations     | 1 |  1.1
Summonings     | 2 5 6 |  6.0
Maces & Flails | 5 7 9 10 11 13 14 16 | 16.0

Action                   |  1- 3 |  4- 6 |  7- 9 | 10-12 | 13-15 | 16-18 | 19-21 | 22-24 | 25-27 || total
-------------------------+-------+-------+-------+-------+-------+-------+-------+-------+-------++-------
Melee: Unarmed           |     9 |       |       |       |       |       |       |       |       ||     9
       Constrict         |    12 |    25 |    23 |    49 |    45 |    31 |    84 |    87 |   108 ||   464
       Tentacles         |     4 |     9 |    22 |    45 |    55 |    91 |   251 |   384 |   354 ||  1215
       Spear             |    43 |   111 |   126 |       |       |       |       |       |       ||   280
       Dagger            |       |       |     4 |   241 |   352 |   202 |       |       |       ||   799
       Staff             |       |       |       |       |     4 |    45 |       |       |       ||    49
       Whip              |       |       |       |       |       |    34 |   808 |  1033 |   405 ||  2280
       Eveningstar       |       |       |       |       |       |       |       |       |   677 ||   677
Throw: Stone             |       |       |       |     1 |       |     6 |     1 |       |       ||     8
       Throwing net      |       |       |       |       |       |       |       |       |     1 ||     1
 Cast: Sandblast         |    21 |    12 |   115 |    76 |    44 |    49 |    29 |     2 |       ||   348
       Stone Arrow       |     2 |    11 |    71 |   147 |   102 |   101 |   169 |    62 |       ||   665
       Lee's Rapid Decon |       |       |     2 |    18 |    20 |    97 |     5 |    22 |     3 ||   167
       Vampiric Draining |       |       |       |     7 |       |       |       |       |       ||     7
       Borgnjor's Vile C |       |       |       |    62 |   276 |   264 |   270 |   222 |    99 ||  1193
       Passwall          |       |       |       |     1 |       |       |       |       |     1 ||     2
       Sublimation of Bl |       |       |       |     2 |    42 |    19 |    13 |     7 |     1 ||    84
       Animate Dead      |       |       |       |       |    52 |    16 |    43 |     8 |     6 ||   125
       Swiftness         |       |       |       |       |     1 |       |     1 |     2 |     2 ||     6
       Dispel Undead     |       |       |       |       |       |     4 |       |    17 |    77 ||    98
       Infestation       |       |       |       |       |       |       |    16 |    70 |    49 ||   135
       Blink             |       |       |       |       |       |       |       |       |     6 ||     6
       Summon Forest     |       |       |       |       |       |       |       |       |     2 ||     2
       Haunt             |       |       |       |       |       |       |       |       |    24 ||    24
Invok: Receive Corpses   |       |       |       |       |     1 |       |     1 |     2 |       ||     4
       Torment           |       |       |       |       |       |       |     1 |     1 |       ||     2
Evoke: Wand              |       |       |       |    17 |     6 |    19 |    12 |     7 |     4 ||    65
       Lamp of fire      |       |       |       |       |     2 |     1 |     1 |     1 |     2 ||     7
       Phial of floods   |       |       |       |       |       |       |     1 |     1 |       ||     2
  Use: Potion            |       |     2 |       |     9 |     5 |     8 |     2 |     9 |    19 ||    54
       Scroll            |       |     1 |       |    20 |     4 |    19 |    18 |     9 |    33 ||   104
 Stab: Sleeping          |     7 |     6 |    10 |    10 |    27 |     7 |    31 |    16 |    14 ||   128
       Distracted        |     1 |       |       |     1 |     1 |     5 |     8 |    23 |    18 ||    57
       Paralysed         |       |       |       |     4 |       |       |     3 |       |       ||     7
       Invisible         |       |       |       |       |       |       |       |       |     2 ||     2
  Eat: Chunk             |     2 |     7 |    14 |    38 |    46 |    48 |    28 |    34 |    10 ||   227
       Ration            |       |       |     3 |     4 |    15 |    13 |    14 |    18 |    25 ||    92
Armor: Skin              |     3 |     7 |     4 |    12 |    39 |    27 |    36 |    21 |    30 ||   179
Dodge: Dodged            |    32 |    75 |   116 |   301 |   454 |   287 |   550 |   425 |   610 ||  2850
Block: Buckler           |       |       |       |       |    76 |    74 |       |       |       ||   150
       Shield            |       |       |       |       |       |    92 |   986 |   986 |  1054 ||  3118
       Reflection        |       |       |       |       |       |     8 |   104 |   107 |    97 ||   316

Table legend:
 A = Spawn XP
 B = Non-spawn XP
 C = Spawn XP percentage of total XP
 D = Spawn monster count
 E = Non-spawn monster count
 F = Spawn count percentage of total count
 G = Total turns spent on level
                    A         B        C        D         E        F      G
               +---------+---------+-------+---------+---------+-------+---------
         Total |       0 | 1420214 |   0.0 |       0 |    2697 |   0.0 | 98578
               +---------+---------+-------+---------+---------+-------+---------
           D:1 |       0 |      60 |   0.0 |       0 |      32 |   0.0 |  1220
           D:2 |       0 |     128 |   0.0 |       0 |      36 |   0.0 |  1264
           D:3 |       0 |     267 |   0.0 |       0 |      18 |   0.0 |   751
           D:4 |       0 |     497 |   0.0 |       0 |      20 |   0.0 |  1358
           D:5 |       0 |    1042 |   0.0 |       0 |      24 |   0.0 |  1158
           D:6 |       0 |     711 |   0.0 |       0 |      23 |   0.0 |  1629
           D:7 |       0 |    2815 |   0.0 |       0 |      34 |   0.0 |  3085
           D:8 |       0 |    3030 |   0.0 |       0 |      44 |   0.0 |  2005
           D:9 |       0 |    1270 |   0.0 |       0 |      24 |   0.0 |  1522
          D:10 |       0 |    5312 |   0.0 |       0 |      48 |   0.0 |  2655
          D:11 |       0 |    8736 |   0.0 |       0 |      34 |   0.0 |  1527
          D:12 |       0 |    6965 |   0.0 |       0 |      57 |   0.0 |  1395
          D:13 |       0 |   10289 |   0.0 |       0 |      41 |   0.0 |  1562
          D:14 |       0 |   16059 |   0.0 |       0 |      48 |   0.0 |  1682
          D:15 |       0 |   22585 |   0.0 |       0 |      48 |   0.0 |  1818
        Lair:1 |       0 |    5945 |   0.0 |       0 |      54 |   0.0 |  1372
        Lair:2 |       0 |    6263 |   0.0 |       0 |      21 |   0.0 |  1538
        Lair:3 |       0 |    8722 |   0.0 |       0 |      32 |   0.0 |  1457
        Lair:4 |       0 |    5935 |   0.0 |       0 |      15 |   0.0 |  1613
        Lair:5 |       0 |   13701 |   0.0 |       0 |      39 |   0.0 |  1221
        Lair:6 |       0 |   27365 |   0.0 |       0 |     117 |   0.0 |  1927
       Swamp:1 |       0 |   13252 |   0.0 |       0 |      32 |   0.0 |  1101
       Swamp:2 |       0 |    9694 |   0.0 |       0 |      25 |   0.0 |  1224
       Swamp:3 |       0 |   17823 |   0.0 |       0 |      41 |   0.0 |  2620
       Swamp:4 |       0 |   35167 |   0.0 |       0 |      61 |   0.0 |  2071
       Snake:1 |       0 |   19914 |   0.0 |       0 |      49 |   0.0 |  1874
       Snake:2 |       0 |   15757 |   0.0 |       0 |      29 |   0.0 |  1376
       Snake:3 |       0 |   31115 |   0.0 |       0 |      51 |   0.0 |  1980
       Snake:4 |       0 |   50860 |   0.0 |       0 |      97 |   0.0 |  2657
       Slime:1 |       0 |   16831 |   0.0 |       0 |      17 |   0.0 |   843
       Slime:2 |       0 |    5518 |   0.0 |       0 |       5 |   0.0 |    94
       Slime:4 |       0 |    3426 |   0.0 |       0 |       7 |   0.0 |   743
       Slime:5 |       0 |   34420 |   0.0 |       0 |      35 |   0.0 |   687
         Orc:1 |       0 |    3858 |   0.0 |       0 |      35 |   0.0 |   622
         Orc:2 |       0 |   13140 |   0.0 |       0 |      47 |   0.0 |  2271
         Elf:1 |       0 |   31651 |   0.0 |       0 |      48 |   0.0 |  2250
         Elf:2 |       0 |   47237 |   0.0 |       0 |      66 |   0.0 |  4173
         Elf:3 |       0 |   66637 |   0.0 |       0 |      54 |   0.0 |  2811
      Vaults:1 |       0 |   33038 |   0.0 |       0 |      75 |   0.0 |  1230
      Vaults:2 |       0 |   68576 |   0.0 |       0 |     150 |   0.0 |  1461
      Vaults:3 |       0 |   45109 |   0.0 |       0 |      86 |   0.0 |  2321
      Vaults:4 |       0 |  102104 |   0.0 |       0 |     148 |   0.0 |  6421
      Vaults:5 |       0 |  134021 |   0.0 |       0 |     135 |   0.0 |  1996
       Crypt:1 |       0 |   40736 |   0.0 |       0 |      46 |   0.0 |  2512
       Crypt:2 |       0 |   26983 |   0.0 |       0 |      49 |   0.0 |  1080
       Crypt:3 |       0 |   71397 |   0.0 |       0 |      70 |   0.0 |  2104
      Depths:1 |       0 |   31680 |   0.0 |       0 |      40 |   0.0 |  1946
      Depths:2 |       0 |   61791 |   0.0 |       0 |      75 |   0.0 |  3225
      Depths:3 |       0 |   37368 |   0.0 |       0 |      50 |   0.0 |  2297
      Depths:4 |       0 |   49466 |   0.0 |       0 |      72 |   0.0 |  1952
      Depths:5 |       0 |   48043 |   0.0 |       0 |      50 |   0.0 |  2224
         Zot:1 |       0 |   69649 |   0.0 |       0 |      47 |   0.0 |  1310
         Zot:2 |       0 |   21318 |   0.0 |       0 |      12 |   0.0 |   321
       Ossuary |       0 |     836 |   0.0 |       0 |      28 |   0.0 |  1892
         IceCv |       0 |   14102 |   0.0 |       0 |      56 |   0.0 |  1065
               +---------+---------+-------+---------+---------+-------+---------
